[Event "Titled Tuesday Blitz March 21 Late 2023"]
[White "Jaferian, Koosha"]
[Black "Astafurov, Arseniy"]
[WhiteFideId "12507440"]
[BlackFideId "24175218"]
[WhiteElo "2107"]
[BlackElo "2163"]
[Result "0-1"]
[Round "03"]
[TimeControl "180+2"]
[Date "2023.03.21"]
[WhiteClock "0:00:03"]
[BlackClock "0:00:07"]

1. e4 e6 2. d4 d5 3. Bd3 dxe4 4. Bxe4 Nf6 5. Bf3 c5 6. Ne2 Nc6 7. Be3 cxd4 8. Nxd4 Ne5 9. Nc3 a6 10. Qe2 Nxf3+ 11. Qxf3 Qa5 12. O-O-O Bb4 13. Nb3 Qe5 14. Bd4 Qg5+ 15. Kb1 O-O 16. h4 Qg4 17. Qe3 Qf5 18. f3 e5 19. Qxe5 Qxe5 20. Bxe5 Be6 21. g4 Rfd8 22. a3 Be7 23. Nd4 Bd5 24. Nf5 Bf8 25. Bxf6 Bxf3 26. Bxd8 Bxh1 27. Be7 Bc6 28. Bxf8 Kxf8 29. Re1 g6 30. Nd6 Rd8 31. Nce4 Rd7 32. c4 Re7 33. g5 Kg7 34. c5 h6 35. Kc2 Re5 36. Kd3 Rd5+ 37. Kc4 hxg5 38. hxg5 Re5 39. Kd4 Rd5+ 40. Ke3 Re5 41. Kf4 Rd5 42. Ne8+ Bxe8 43. Nf6 Rf5+ 44. Kg4 Bc6 45. Re3 Rxc5 46. Rh3 Rc4+ 47. Kg3 Kf8 48. Rh8+ Ke7 49. Rc8 Rc2 50. b4 Rc3+ 51. Kf4 Rxa3 52. Rc7+ Ke6 53. Ng8 Rf3+ 54. Kg4 Rb3 55. Re7+ Kd6 56. Rxf7 Rxb4+ 57. Kg3 Be4 58. Rf6+ Ke5 59. Ne7 a5 60. Nxg6+ Bxg6 61. Rxg6 a4 62. Rg8 b5 63. g6 Kf6 64. g7 Kf7 65. Rb8 Kxg7 66. Kf3 Kf6 67. Ke3 Ke5 68. Kd3 Rb3+ 69. Kc2 Kd4 70. Rd8+ Kc4 71. Rc8+ Kb4 72. Rh8 Rg3 73. Kb1 a3 74. Rh4+ Ka5 75. Ka2 b4 76. Rh8 Rg2+ 77. Ka1 Ka4 78. Rh3 Rg1+ 79. Ka2 b3+ 80. Rxb3 Rg2+ 81. Rb2 Rxb2+ 82. Ka1 Rh2 0-1


[Site "https://www.chess.com"]

[Event "Titled Tuesday Blitz March 21 Late 2023"]
[White "Kaplan, Avi Harrison"]
[Black "Jaracz, Pawel"]
[WhiteFideId "30934559"]
[BlackFideId "1102222"]
[WhiteElo "1983"]
[BlackElo "2438"]
[Result "1/2-1/2"]
[Round "03"]
[TimeControl "180+2"]
[Date "2023.03.21"]
[WhiteClock "0:00:06"]
[BlackClock "0:00:23"]

1. e4 e5 2. Nf3 Nc6 3. Bb5 Nf6 4. O-O Nxe4 5. d4 Nd6 6. dxe5 Nxb5 7. a4 Nd6 8. exd6 Bxd6 9. Re1+ Be7 10. Nc3 O-O 11. Nd5 Bf6 12. Ra3 d6 13. Rae3 Be6 14. Nxf6+ Qxf6 15. Bd2 Rae8 16. Bc3 Qh6 17. b4 Bd7 18. b5 Nd8 19. Qd4 b6 20. h4 Rxe3 21. Rxe3 Ne6 22. Qc4 Re8 23. Nd4 Qxh4 24. Rg3 Nxd4 25. Bxd4 Re1+ 26. Qf1 Rxf1+ 27. Kxf1 Qxd4 28. Re3 Be6 29. Kg1 g6 30. a5 bxa5 31. b6 axb6 32. c3 Qd1+ 33. Kh2 a4 34. c4 Qd4 35. c5 Qxc5 36. Rg3 a3 37. f4 a2 38. f5 Bxf5 39. Rf3 a1=Q 40. Rf2 b5 41. Kg3 b4 42. Kh2 b3 43. Kg3 b2 44. Kh2 b1=Q 45. Kg3 d5 46. Kh2 d4 47. Kg3 d3 48. Kh4 Qe7+ 49. Kg3 Qe3+ 50. Kh2 d2 51. Rf3 Qxf3 52. gxf3 c5 53. Kg3 c4 54. Kf4 c3 55. Kg5 d1=Q 56. Kh6 c2 57. f4 c1=Q 58. Kg5 f6+ 59. Kh6 Kf7 60. Kxh7 Qxf4 61. Kh8 Be6 62. Kh7 g5+ 63. Kh8 g4 1/2-1/2


[Site "https://www.chess.com"]

[Event "Titled Tuesday Blitz March 21 Late 2023"]
[White "Erdogan, Anil Berk"]
[Black "Martinez Reyes, Pedro Ramon"]
[WhiteFideId "6348173"]
[BlackFideId "3901807"]
[WhiteElo "2007"]
[BlackElo "2340"]
[Result "0-1"]
[Round "03"]
[TimeControl "180+2"]
[Date "2023.03.21"]
[WhiteClock "0:00:06"]
[BlackClock "0:00:19"]

1. e4 e6 2. d4 d5 3. exd5 exd5 4. Nc3 Nf6 5. Bg5 Be7 6. Bd3 Nc6 7. Nge2 Nb4 8. f3 O-O 9. a3 Nxd3+ 10. Qxd3 c6 11. Ng3 Re8 12. Nce2 a5 13. O-O Qb6 14. a4 h6 15. Bf4 Qa6 16. Nc1 Qb6 17. Nb3 Qd8 18. Rfe1 b6 19. Nf5 Bf8 20. Rxe8 Qxe8 21. Nd6 Qe6 22. Nxc8 Rxc8 23. Bg3 Qd7 24. Re1 Re8 25. Be5 Nh7 26. c3 Qb7 27. Kh1 Ng5 28. Bg3 Rxe1+ 29. Bxe1 Ne6 30. Bg3 g6 31. Be5 Bg7 32. Bxg7 Kxg7 33. Qe3 Qc7 34. g3 Qd6 35. f4 f6 36. Kg2 Qe7 37. Nc1 Kf7 38. Nd3 h5 39. f5 gxf5 40. Qh6 Ng7 41. Nf4 Qe4+ 42. Kh3 Qf3 43. Qg6+ Kf8 44. Qxf6+ Kg8 45. Qd8+ Kh7 46. Qg5 Qg4+ 47. Qxg4 fxg4+ 48. Kg2 Kh6 49. Kf2 Kg5 50. Ke3 Nf5+ 51. Kf2 Nd6 52. Ne6+ Kf5 53. Nd8 c5 54. Nc6 cxd4 55. Nxd4+ Ke4 56. Ke2 Nc4 57. b3 Ne3 58. Ne6 Nf5 59. Ng5+ Ke5 60. Nf7+ Ke6 61. Ng5+ Kf6 62. h4 Nxg3+ 63. Ke3 Ne4 64. c4 Nxg5 65. hxg5+ Kxg5 66. cxd5 Kf6 67. Kd4 Ke7 68. Kc4 Kd6 69. b4 axb4 70. a5 bxa5 0-1


[Site "https://www.chess.com"]

[Event "Titled Tuesday Blitz March 21 Late 2023"]
[White "Darini, Pouria"]
[Black "Shapiro, Viktor"]
[WhiteFideId "12502200"]
[BlackFideId "4175700"]
[WhiteElo "2482"]
[BlackElo "2152"]
[Result "0-1"]
[Round "03"]
[TimeControl "180+2"]
[Date "2023.03.21"]
[WhiteClock "0:00:19"]
[BlackClock "0:00:17"]

1. e4 Nf6 2. d3 d5 3. e5 Nfd7 4. f4 e6 5. Nf3 c5 6. c3 Nc6 7. Be2 b5 8. O-O Be7 9. Nbd2 a5 10. a4 b4 11. c4 Nb6 12. b3 Bb7 13. Bb2 dxc4 14. dxc4 Qc7 15. Ne4 Rd8 16. Qc2 h6 17. Rad1 O-O 18. Rxd8 Rxd8 19. Rd1 Nd4 20. Nxd4 cxd4 21. Rxd4 Bxe4 22. Rxe4 Bc5+ 23. Kf1 Qd7 24. Bc1 Qe7 25. g3 Rd7 26. Be3 Bxe3 27. Rxe3 Qc5 28. Rd3 g5 29. Bf3 gxf4 30. gxf4 Kf8 31. Qd2 Rxd3 32. Qxd3 Ke7 33. Ke2 Nd7 34. Qe3 f5 35. Kd2 Qxe3+ 36. Kxe3 Nc5 37. Bd1 Kd7 38. Kd4 Kc6 39. Bc2 Kb6 40. Ke3 Kc6 41. Kf3 Kd7 42. Kg3 Ke7 43. Kh4 Kf7 44. Kh5 Kg7 45. h3 Kh7 46. Kh4 Kg6 47. Kg3 Kf7 48. Kf3 Ke7 49. Kf2 Kd7 50. Kg3 Ke7 51. Kh4 Kf7 52. Kg3 Ke7 53. Kg2 Kd7 54. Kf2 Ke7 55. Kf3 Kd7 56. Bd1 Ke7 57. Ke3 Kd7 58. Ke2 Ke7 59. Kf2 Kd7 60. Kg3 Ke7 61. Kh4 Kf7 62. Kg3 Ke7 63. Kg2 Kd7 64. Kf3 Ke7 65. Ke3 Kd7 66. Kd2 Ke7 67. Kc2 Kd7 68. Bf3 Ke7 69. Bc6 Kd8 70. Bf3 Kd7 71. Bd1 Kc7 72. Kc1 Nd3+ 73. Kd2 Nxf4 74. h4 Ng6 75. h5 Nxe5 76. Ke3 Kd6 77. Kd4 Nc6+ 78. Ke3 e5 79. Bc2 Nd4 80. Bd1 Kc5 81. Kd3 Ne6 82. Ke3 Nf4 83. Bc2 Nxh5 84. Bxf5 Nf6 85. Kf3 h5 86. Kg3 Kd4 87. Kh4 e4 88. Kg5 Ke5 89. c5 e3 90. Bd3 Nd5 91. c6 Kd6 92. Kxh5 Nf4+ 93. Kg4 Nxd3 94. c7 Kxc7 95. Kf3 Nc1 96. Kxe3 Nxb3 97. Kd3 Nc5+ 98. Kc4 Kb6 99. Kd4 Nxa4 100. Kd3 Nc5+ 101. Kc2 Kb5 102. Kb2 a4 103. Ka1 Kc4 104. Kb1 b3 105. Ka1 Kc3 106. Kb1 b2 107. Ka2 Kc2 108. Ka3 Nd3 109. Kxa4 b1=Q 110. Ka5 Qb7 0-1


[Site "https://www.chess.com"]

[Event "Titled Tuesday Blitz March 21 Late 2023"]
[White "cryptoguru02"]
[Black "Skvortsov, Andrei"]
[BlackFideId "24108600"]
[WhiteElo "2482"]
[BlackElo "2259"]
[Result "1-0"]
[Round "03"]
[TimeControl "180+2"]
[Date "2023.03.21"]
[WhiteClock "0:00:04"]
[BlackClock "0:00:06"]

1. d4 g6 2. e4 Bg7 3. Nc3 d5 4. exd5 Nf6 5. Bc4 Nbd7 6. Nge2 Nb6 7. Bb5+ Bd7 8. Bd3 Nfxd5 9. Nxd5 Nxd5 10. O-O O-O 11. Bg5 c6 12. c3 Re8 13. Nf4 Nf6 14. Bh4 Qb6 15. Qb3 Qc7 16. Bg3 Qc8 17. Rfe1 e6 18. h3 Nd5 19. a4 a5 20. Re2 Ne7 21. Rae1 Bf8 22. Bh2 Nf5 23. Bb1 b5 24. axb5 a4 25. Qa2 cxb5 26. d5 e5 27. Rxe5 Rxe5 28. Rxe5 a3 29. Re1 Bg7 30. Ne2 b4 31. bxa3 bxc3 32. Bc2 Qc5 33. a4 Bf6 34. Bf4 Bh4 35. g3 Bf6 36. Kh2 h5 37. Kg2 Bc8 38. Bxf5 Bxf5 39. Be3 Be4+ 40. f3 Qxd5 41. Qxd5 Bxd5 42. Rc1 Rc8 43. Bd4 Bxd4 44. Nxd4 Rc4 45. Ne2 c2 46. Kf2 Bc6 47. a5 Bb5 48. Ke3 Ba6 49. Nd4 Rc3+ 50. Kf2 Rc5 51. Rxc2 Rxa5 52. Rc7 Rd5 53. Ke3 Re5+ 54. Kf2 Rd5 55. Ke3 Bf1 56. h4 Ra5 57. Rc3 Re5+ 58. Kf2 Ba6 59. Re3 Rd5 60. Ne2 Rd2 61. Ke1 Ra2 62. f4 Kg7 63. Kf2 Kf6 64. Kf3 Bb7+ 65. Kf2 Bd5 66. Re5 Bc4 67. Kf3 Ra3+ 68. Kf2 Be6 69. Re3 Ra2 70. Kf3 Bg4+ 71. Kf2 Kg7 72. Re5 f6 73. Re3 Kf7 74. Kf1 Kg7 75. Kf2 Kh6 76. Re7 g5 77. fxg5+ fxg5 78. hxg5+ Kxg5 79. Re3 Kf5 80. Kf1 Kf6 81. Kf2 Rb2 82. Kf1 Bf5 83. Kf2 Be6 84. Kf3 Bd5+ 85. Kf2 Kf5 86. Re8 Bc4 87. Re3 Bb5 88. Re7 Kg4 89. Re4+ Kh3 90. Rh4# 1-0


[Site "https://www.chess.com"]

[Event "Titled Tuesday Blitz March 21 Late 2023"]
[White "Bruedigam, Martin"]
[Black "Herrera Reyes, Jose Antonio"]
[WhiteFideId "24608033"]
[BlackFideId "2274914"]
[WhiteElo "2331"]
[BlackElo "2273"]
[Result "0-1"]
[Round "03"]
[TimeControl "180+2"]
[Date "2023.03.21"]
[WhiteClock "0:00:10"]
[BlackClock "0:00:12"]

1. d4 Nf6 2. c4 c5 3. d5 b5 4. cxb5 a6 5. bxa6 g6 6. Nc3 Bg7 7. e4 O-O 8. Bd3 Qa5 9. Ne2 Bxa6 10. O-O d6 11. a4 Nbd7 12. Bxa6 Qxa6 13. Qc2 Rfb8 14. b3 c4 15. Rb1 cxb3 16. Rxb3 Rxb3 17. Qxb3 Nc5 18. Qc2 Nxa4 19. Nxa4 Qxa4 20. Qxa4 Rxa4 21. f3 Ra2 22. Nc3 Rc2 23. Nb5 Nd7 24. Be3 Ne5 25. Rc1 Rxc1+ 26. Bxc1 Kf8 27. Kf1 Ke8 28. Ke2 h5 29. h3 Kd7 30. g4 h4 31. Bg5 Bf6 32. Bxf6 exf6 33. f4 Nc4 34. Nd4 Nb6 35. Nf3 Na4 36. Nxh4 Ke7 37. Nf3 Nc3+ 38. Kd3 Na4 39. Kd4 Nb2 40. Ne1 Nd1 41. Nd3 f5 42. exf5 gxf5 43. g5 f6 44. g6 Kf8 45. h4 Kg7 46. h5 Kh6 47. Kc4 Ne3+ 48. Kd4 Ng2 49. Nc1 Nxf4 50. Nb3 Nxh5 51. Na5 Ng7 52. Nc4 Ne8 53. Ke3 Nc7 54. Nxd6 Nxd5+ 55. Kd4 Ne7 56. Ne8 Kxg6 57. Ke3 Nd5+ 58. Kf3 Kf7 59. Nd6+ Ke6 60. Nc4 Nc7 61. Ne3 Ke5 62. Nc4+ Kd4 63. Nd6 Ke5 64. Nf7+ Ke6 65. Nh8 Nb5 66. Ng6 Nc3 67. Nf4+ Kf7 68. Ke3 Ne4 69. Kf3 Ng5+ 70. Ke3 Ke7 71. Kd4 Ne6+ 72. Ke3 Nxf4 73. Kxf4 Ke6 74. Ke3 Ke5 75. Kf3 f4 76. Kf2 Ke4 77. Ke2 f3+ 78. Kf2 Kf4 79. Kf1 Ke3 80. Ke1 f5 81. Kf1 f2 0-1


[Site "https://www.chess.com"]

[Event "Titled Tuesday Blitz March 21 Late 2023"]
[White "Zirkelbach, Maj"]
[Black "Do Valle Cardoso, Lucas"]
[WhiteFideId "14613395"]
[BlackFideId "2163144"]
[WhiteElo "2138"]
[BlackElo "2383"]
[Result "0-1"]
[Round "03"]
[TimeControl "180+2"]
[Date "2023.03.21"]
[WhiteClock "0:00:02"]
[BlackClock "0:01:08"]

1. d4 d5 2. c4 dxc4 3. Nf3 Nf6 4. e3 b5 5. a4 b4 6. Bxc4 e6 7. O-O Be7 8. b3 O-O 9. Bb2 Bb7 10. Nbd2 Nbd7 11. Rc1 c5 12. Qe2 Rc8 13. Rfd1 Qc7 14. e4 Qb8 15. e5 Nd5 16. Ne4 cxd4 17. Bxd4 Rfd8 18. Nd6 Bxd6 19. exd6 Qxd6 20. Bxa7 Nc5 21. Qe5 Qxe5 22. Nxe5 Ne4 23. Bxd5 Bxd5 24. Bb6 Re8 25. a5 Nc3 26. Re1 Ne2+ 27. Kf1 Nxc1 28. a6 Nxb3 29. a7 Nd2+ 30. Ke2 Nc4 31. Nxc4 Bxc4+ 32. Ke3 Bd5 33. Rb1 b3 34. f3 g5 35. h3 f6 36. g3 Kf7 37. Ra1 Kg6 38. Bd4 e5 39. Bb6 Rc3+ 40. Kd2 Rxf3 41. Bc7 Rxg3 42. Bb8 Ba8 43. h4 gxh4 0-1


[Site "https://www.chess.com"]

[Event "Titled Tuesday Blitz March 21 Late 2023"]
[White "Domingo Nunez, Ruben"]
[Black "JackRodgers"]
[WhiteFideId "22245570"]
[WhiteElo "2404"]
[BlackElo "2477"]
[Result "1-0"]
[Round "03"]
[TimeControl "180+2"]
[Date "2023.03.21"]
[WhiteClock "0:00:16"]
[BlackClock "0:00:06"]

1. b3 Nf6 2. Bb2 c5 3. Nf3 g6 4. c4 Bg7 5. e3 O-O 6. Be2 Nc6 7. O-O d5 8. cxd5 Nxd5 9. d4 cxd4 10. Nxd4 Bd7 11. Na3 Rc8 12. Nc4 b5 13. Nxb5 Bxb2 14. Nxb2 Ncb4 15. a3 Bxb5 16. Bxb5 Nc2 17. Rc1 Rc5 18. Bd3 Ncxe3 19. fxe3 Nxe3 20. Qe2 Rxc1 21. Rxc1 Qd4 22. Qf2 f5 23. g3 f4 24. Rf1 e5 25. Nc4 Nxc4 26. Bxc4+ Kg7 27. Qxd4 exd4 28. Rxf4 Rxf4 29. gxf4 Kf6 30. Kf2 h6 31. Kf3 1-0


[Site "https://www.chess.com"]

[Event "Titled Tuesday Blitz March 21 Late 2023"]
[White "Kubatko, Ivan"]
[Black "Diaz Perez, Michel Alejandro"]
[WhiteFideId "24111473"]
[BlackFideId "3517179"]
[WhiteElo "2285"]
[BlackElo "2333"]
[Result "1-0"]
[Round "03"]
[TimeControl "180+2"]
[Date "2023.03.21"]
[WhiteClock "0:00:12"]
[BlackClock "0:00:13"]

1. e4 d5 2. exd5 Nf6 3. d4 Bg4 4. Be2 Bxe2 5. Nxe2 Qxd5 6. O-O e6 7. Nbc3 Qd8 8. Qd3 c6 9. Ng3 Nbd7 10. f4 Qc7 11. f5 O-O-O 12. Bf4 Qb6 13. Kh1 h5 14. fxe6 fxe6 15. Nge4 Nxe4 16. Qxe4 Re8 17. Rab1 Qa5 18. Qg6 Bb4 19. Ne4 Qf5 20. Qxf5 exf5 21. Nd6+ Bxd6 22. Bxd6 Re6 23. Bg3 g6 24. Rbe1 Rhe8 25. Rxe6 Rxe6 26. Re1 Rxe1+ 27. Bxe1 Nf6 28. Kg1 Ne4 29. Kf1 Kd7 30. Ke2 b5 31. Kd3 g5 32. b3 Ke6 33. c4 a6 34. a4 g4 35. axb5 axb5 36. Bh4 Nd6 37. Bg3 Nb7 38. Be1 Nd6 39. Bb4 Nf7 40. Bd2 Nh8 41. d5+ cxd5 42. cxb5 Nf7 43. Bf4 Nd8 44. Kd4 Nb7 45. b4 h4 46. Bg5 h3 47. gxh3 gxh3 48. Bf4 Nd6 49. b6 Nb7 50. b5 Na5 51. Bc7 Nb7 52. Bf4 Na5 53. Bc7 Kd7 54. Kxd5 Nb3 55. Ke5 Nd2 56. Kxf5 Nf3 57. Kg4 Nd4 58. Kxh3 Nxb5 59. Kg4 Nd4 60. Kg5 Ne6+ 61. Kg6 Nf8+ 62. Kf5 Ne6 63. h4 Ng7+ 64. Kg6 Ne6 65. h5 Nf8+ 66. Kf7 Nh7 67. h6 Ng5+ 68. Kg6 Ne6 69. Kf6 Nf8 70. Kg7 Ne6+ 71. Kf7 Ng5+ 72. Kg6 Ne6 73. h7 Nf8+ 74. Kg7 Nxh7 75. Kxh7 Kc8 76. Kg6 Kb7 77. Kf5 Kc8 78. Ke5 Kb7 79. Kd5 Ka8 80. Kd6 Kb7 81. Kd7 Ka8 82. Bd6 Kb7 83. Bc5 Ka8 84. Kc6 Kb8 85. Bd6+ Ka8 86. b7+ Ka7 87. b8=Q+ Ka6 88. Qb6# 1-0


[Site "https://www.chess.com"]

[Event "Titled Tuesday Blitz March 21 Late 2023"]
[White "Goltsev, Dmitry"]
[Black "Donskov, Anatoly"]
[WhiteFideId "24176710"]
[BlackFideId "24143413"]
[WhiteElo "2336"]
[BlackElo "2247"]
[Result "1-0"]
[Round "03"]
[TimeControl "180+2"]
[Date "2023.03.21"]
[WhiteClock "0:01:45"]
[BlackClock "0:00:04"]

1. e4 c5 2. Nf3 e6 3. d4 cxd4 4. Nxd4 Nf6 5. Nc3 Nc6 6. Be2 Bb4 7. Qd3 Qa5 8. Bd2 O-O 9. a3 d5 10. exd5 Nxd5 11. Nb3 Qb6 12. axb4 Ndxb4 13. Qe4 f5 14. Na4 fxe4 15. Nxb6 Nxc2+ 16. Kd1 Nxa1 17. Nxa8 Nxb3 18. Be3 Nb4 19. Bc4 Na5 20. Bb5 e5 21. h3 Be6 22. Nc7 Rd8+ 23. Ke2 Bc4+ 24. Bxc4+ Nxc4 25. Rc1 Nxb2 26. Ne6 Re8 27. Ng5 N2d3 28. Rc7 Nd5 29. Rxb7 a5 30. Nxe4 N3f4+ 31. Kf3 Rf8 32. Ra7 Ne6+ 33. Kg3 Nxe3 34. fxe3 h5 35. Rxa5 Nd8 36. Rxe5 Nf7 37. Re7 Re8 38. Rxe8+ Kh7 39. Re7 1-0


[Site "https://www.chess.com"]

[Event "Titled Tuesday Blitz March 21 Late 2023"]
[White "Guliev, Logman"]
[Black "Wieczorek, Oskar"]
[WhiteFideId "13400061"]
[BlackFideId "1133950"]
[WhiteElo "2161"]
[BlackElo "2418"]
[Result "1-0"]
[Round "03"]
[TimeControl "180+2"]
[Date "2023.03.21"]
[WhiteClock "0:00:12"]
[BlackClock "0:00:01"]

1. e4 c5 2. Nf3 e6 3. d4 cxd4 4. Nxd4 Nf6 5. Bd3 Nc6 6. Nxc6 bxc6 7. O-O d5 8. Nd2 Be7 9. c4 O-O 10. Qc2 h6 11. b3 Bb7 12. Bb2 Rc8 13. Rad1 Qa5 14. Bc3 Qb6 15. Nf3 Rfd8 16. e5 Nd7 17. Qe2 c5 18. Qe1 Re8 19. cxd5 Bxd5 20. Be4 Bxe4 21. Qxe4 Qc7 22. Nd2 Nb6 23. Ba5 Qc6 24. Qxc6 Rxc6 25. Bxb6 axb6 26. a4 b5 27. axb5 Rb6 28. Ra1 Rxb5 29. Ra7 Bg5 30. f4 Be7 31. Rf3 c4 32. bxc4 Bc5+ 33. Kf1 Rb2 34. Rd7 Ra8 35. Rfd3 Ra1+ 36. Ke2 Bb4 37. Rb3 Rxb3 38. Nxb3 Rg1 39. Kf3 Rb1 40. Rd3 g5 41. g3 gxf4 42. gxf4 Rb2 43. Nd4 Rxh2 44. Nb5 Kg7 45. Nc7 Kg6 46. Ne8 Bf8 47. Nd6 Rc2 48. Ke3 h5 49. Kd4 Bh6 50. c5 Bxf4 51. Nc4 1-0


[Site "https://www.chess.com"]

[Event "Titled Tuesday Blitz March 21 Late 2023"]
[White "Dudzinski, Pawel"]
[Black "Spata, German"]
[WhiteFideId "1117890"]
[BlackFideId "113026"]
[WhiteElo "2099"]
[BlackElo "2238"]
[Result "0-1"]
[Round "03"]
[TimeControl "180+2"]
[Date "2023.03.21"]
[WhiteClock "0:00:06"]
[BlackClock "0:00:15"]

1. e4 c6 2. d4 d5 3. exd5 cxd5 4. Bd3 Nf6 5. h3 Nc6 6. c3 e6 7. Bf4 Bd6 8. Ne2 Bxf4 9. Nxf4 Qd6 10. Qf3 O-O 11. Nh5 Nxh5 12. Qxh5 g6 13. Qe2 e5 14. dxe5 Nxe5 15. O-O Bd7 16. f4 Nxd3 17. Qxd3 Rfe8 18. Na3 Qc5+ 19. Qd4 Qxd4+ 20. cxd4 Re4 21. Rad1 Rc8 22. Rd2 Kg7 23. Kh2 h5 24. Nb1 Rc4 25. Nc3 Rexd4 26. Rfd1 Rxd2 27. Rxd2 Rxf4 28. Nxd5 Re4 29. Nc3 Re7 30. Nd5 Re1 31. Nc3 Bc6 32. Nd5 h4 33. a3 Kf8 34. g3 hxg3+ 35. Kxg3 Bxd5 36. Rxd5 Re3+ 37. Kg4 Rb3 38. Rd2 Kg7 39. Kf4 Rxh3 40. Rd7 Rb3 41. Rd2 Kf6 42. Rd6+ Ke7 43. Rd2 f6 44. Kg4 Rb6 45. Kf4 Rd6 46. Rg2 g5+ 47. Kf5 Rd5+ 48. Kg6 Re5 49. Rf2 Re6 50. Rd2 g4 51. Rd4 g3 52. Rg4 Re3 53. a4 Rb3 54. Kg7 Ke6 55. Re4+ Kf5 56. Re2 Kf4 57. Rc2 Kf3 58. Kxf6 g2 59. Rc3+ Rxc3 60. bxc3 g1=Q 0-1


[Site "https://www.chess.com"]

[Event "Titled Tuesday Blitz March 21 Late 2023"]
[White "Zamorano, Jorge"]
[Black "Huber, Benedikt"]
[WhiteFideId "173770"]
[BlackFideId "12923583"]
[WhiteElo "2331"]
[BlackElo "2199"]
[Result "1-0"]
[Round "03"]
[TimeControl "180+2"]
[Date "2023.03.21"]
[WhiteClock "0:01:21"]
[BlackClock "0:01:46"]

1. e4 e6 2. d3 d5 3. Nd2 c5 4. Ngf3 Nc6 5. g3 Nf6 6. Bg2 Be7 7. O-O Qc7 8. Re1 O-O 9. e5 Nd7 10. Qe2 b5 11. Nf1 a5 12. Bf4 Ba6 13. h4 Rfc8 14. Ne3 Qd8 15. h5 h6 16. Ng4 Bf8 17. Qd2 b4 18. Rad1 Nb6 19. Nxh6+ gxh6 20. Bxh6 Bxh6 21. Qxh6 Qf8 22. Qf4 a4 23. c4 bxc3 24. bxc3 Kh7 25. Ng5+ Kg8 26. h6 Ra7 27. Qf6 1-0


[Site "https://www.chess.com"]

[Event "Titled Tuesday Blitz March 21 Late 2023"]
[White "Gonzalez, Francisco Silva"]
[Black "Sai Krishna G V"]
[WhiteFideId "1512285"]
[BlackFideId "5028280"]
[WhiteElo "2074"]
[BlackElo "2359"]
[Result "1-0"]
[Round "03"]
[TimeControl "180+2"]
[Date "2023.03.21"]
[WhiteClock "0:01:01"]
[BlackClock "0:00:07"]

1. d4 d5 2. c4 e6 3. Nc3 Be7 4. Nf3 Nf6 5. Bg5 O-O 6. e3 Nbd7 7. Qc2 Re8 8. Rd1 Nf8 9. a3 b6 10. Bd3 Bb7 11. O-O dxc4 12. Bxc4 Bxf3 13. gxf3 Nd5 14. Bxd5 exd5 15. Bf4 c6 16. Bg3 h5 17. h3 h4 18. Bh2 Qd7 19. Kg2 Ne6 20. Qf5 g6 21. Qg4 Kg7 22. Kh1 f5 23. Be5+ Kf7 24. Qg2 g5 25. f4 Rg8 26. Rg1 g4 27. Qf1 Nf8 28. Qe2 Qe6 29. b4 Nd7 30. Qa6 g3 31. f3 g2+ 32. Rxg2 Rxg2 33. Kxg2 Qg6+ 34. Kf2 Qg3+ 35. Ke2 Qxh3 36. Rg1 Qh2+ 37. Kf1 Rg8 38. Rxg8 Kxg8 39. Qc8+ Nf8 40. Qxf5 h3 41. Qg4+ Kf7 42. Qh5+ Ke6 43. Qg4+ Kf7 44. Qh5+ Ke6 45. f5+ Kd7 46. Bxh2 Bf6 47. Qf7+ Be7 48. Nxd5 1-0


[Site "https://www.chess.com"]

[Event "Titled Tuesday Blitz March 21 Late 2023"]
[White "Fernandez, Maria Florencia"]
[Black "Rostomyan, Mikayel"]
[WhiteFideId "116459"]
[BlackFideId "13313754"]
[WhiteElo "2155"]
[BlackElo "2009"]
[Result "0-1"]
[Round "03"]
[TimeControl "180+2"]
[Date "2023.03.21"]
[WhiteClock "0:00:01"]
[BlackClock "0:00:46"]

1. d4 Nf6 2. c4 e6 3. Nc3 Bb4 4. a3 Bxc3+ 5. bxc3 O-O 6. f3 d5 7. e3 c5 8. Bd3 Nc6 9. Ne2 cxd4 10. exd4 e5 11. cxd5 Nxd5 12. c4 Nf4 13. Nxf4 exf4 14. d5 Re8+ 15. Kf1 Ne5 16. Be2 Ng6 17. Bb2 Bf5 18. Qd4 f6 19. Kf2 b6 20. Rhe1 Qd6 21. Bf1 Re3 22. Rxe3 fxe3+ 23. Qxe3 Qxh2 24. c5 bxc5 25. Qxc5 Nf4 26. Qc6 Rc8 27. Qb7 Re8 28. Bd4 Nh3# 0-1


[Site "https://www.chess.com"]

[Event "Titled Tuesday Blitz March 21 Late 2023"]
[White "Gunduz, Umut Erdem"]
[Black "Tworuszka, Michal"]
[WhiteFideId "6381383"]
[BlackFideId "1117858"]
[WhiteElo "2182"]
[BlackElo "2450"]
[Result "1-0"]
[Round "03"]
[TimeControl "180+2"]
[Date "2023.03.21"]
[WhiteClock "0:02:08"]
[BlackClock "0:01:06"]

1. e4 c5 2. Nf3 d6 3. d4 cxd4 4. Nxd4 Nf6 5. Nc3 a6 6. Bg5 e6 7. f4 h6 8. Bh4 Qb6 9. a3 Nbd7 10. Bf2 Qc7 11. Qf3 b5 12. O-O-O Bb7 13. g4 g5 14. h4 gxf4 15. g5 hxg5 16. hxg5 Rxh1 17. Qxh1 Ng8 18. g6 O-O-O 19. gxf7 Ngf6 20. Nxe6 Qc6 21. Nxd8 Kxd8 22. Bh3 Ne5 23. Bh4 Ke7 24. Nd5+ Kxf7 25. Bxf6 1-0


[Site "https://www.chess.com"]

[Event "Titled Tuesday Blitz March 21 Late 2023"]
[White "aidenzhouu"]
[Black "O`Gorman, Tom"]
[BlackFideId "2508249"]
[WhiteElo "2448"]
[BlackElo "2271"]
[Result "0-1"]
[Round "03"]
[TimeControl "180+2"]
[Date "2023.03.21"]
[WhiteClock "0:00:04"]
[BlackClock "0:00:03"]

1. d4 Nf6 2. c4 e6 3. Nf3 b6 4. g3 Bb7 5. Bg2 Bb4+ 6. Bd2 Bxd2+ 7. Qxd2 O-O 8. Nc3 d6 9. O-O c5 10. d5 exd5 11. cxd5 Re8 12. Nh4 g6 13. a4 Na6 14. e4 Nb4 15. Rfe1 a6 16. f4 Nd7 17. Rf1 c4 18. Rae1 Nd3 19. Re2 b5 20. axb5 axb5 21. Nxb5 Qb6+ 22. Qe3 Qxb5 23. Bh3 N7c5 24. f5 Rxe4 25. Qh6 Qe8 26. fxg6 fxg6 27. Be6+ Rxe6 28. dxe6 Ne5 29. Rxe5 dxe5 30. Rf7 Ra1+ 31. Kf2 Ne4+ 32. Ke2 Nf6 33. Rxf6 c3 34. Kf2 cxb2 35. Nxg6 Rf1+ 36. Ke3 Rxf6 37. Ne7+ Qxe7 38. Qg5+ Qg7 39. Qxe5 Qh6+ 40. Kd3 b1=Q+ 0-1


[Site "https://www.chess.com"]

[Event "Titled Tuesday Blitz March 21 Late 2023"]
[White "Papasimakopoulos, Alexandros"]
[Black "Grot, Blazej"]
[WhiteFideId "4244125"]
[BlackFideId "21835845"]
[WhiteElo "2359"]
[BlackElo "1823"]
[Result "1-0"]
[Round "03"]
[TimeControl "180+2"]
[Date "2023.03.21"]
[WhiteClock "0:00:29"]
[BlackClock "0:00:02"]

1. d4 d6 2. c4 e5 3. Nf3 e4 4. Nfd2 f5 5. e3 Nf6 6. Nc3 Be7 7. b4 O-O 8. Qb3 Be6 9. a4 Nbd7 10. a5 c6 11. b5 cxb5 12. Qxb5 b6 13. Be2 a6 14. Qa4 Qc7 15. O-O Rfc8 16. Bb2 Rab8 17. axb6 Rxb6 18. Ba3 Rcb8 19. h3 Bf7 20. Rfc1 g5 21. Qa5 Bg6 22. Na4 Rc6 23. Qxc7 Rxc7 24. c5 dxc5 25. Nxc5 Nxc5 26. Bxc5 Bxc5 27. dxc5 Nd7 28. c6 Ne5 29. Rxa6 Rbc8 30. Bb5 Be8 31. Ra5 Kg7 32. Nb3 Kf6 33. Nd4 Kg6 34. Rc5 Kf6 35. Ba4 Re7 36. Ra6 f4 37. c7+ Kf7 38. Bb3+ Kg7 39. Nf5+ Kf8 40. Nxe7 Kxe7 41. Rxe5+ 1-0


[Site "https://www.chess.com"]

[Event "Titled Tuesday Blitz March 21 Late 2023"]
[White "Jessel, Stephen"]
[Black "Piriflillo"]
[WhiteFideId "628859"]
[WhiteElo "2268"]
[BlackElo "2435"]
[Result "1-0"]
[Round "03"]
[TimeControl "180+2"]
[Date "2023.03.21"]
[WhiteClock "0:00:03"]
[BlackClock "0:00:01"]

1. g3 e5 2. Bg2 d5 3. c4 d4 4. d3 Nc6 5. Nf3 f6 6. O-O Bc5 7. Na3 Nge7 8. Rb1 O-O 9. Bd2 a5 10. Nb5 Bf5 11. b3 Ng6 12. Ne1 Qd7 13. a3 Qe7 14. Nc2 e4 15. dxe4 Bxe4 16. Bxe4 Qxe4 17. Nxc7 Rac8 18. Nd5 Rfe8 19. b4 axb4 20. axb4 Ba7 21. Ra1 Bb8 22. Nb6 Rcd8 23. b5 Nce5 24. Nb4 d3 25. exd3 Nxd3 26. Qb1 Qd4 27. Qxd3 Qxb6 28. Nd5 Qe6 29. Rae1 Ne5 30. Qe4 Qf7 31. Kg2 Ng6 32. Qf3 Ne5 33. Qf5 Nxc4 34. Rxe8+ Rxe8 35. Bb4 Ne5 36. Rd1 Qg6 37. Ne7+ Rxe7 38. Qxg6 1-0


[Site "https://www.chess.com"]

[Event "Titled Tuesday Blitz March 21 Late 2023"]
[White "Forgacs, Attila Jr."]
[Black "Toniutti, Ezio"]
[WhiteFideId "773654"]
[BlackFideId "113034"]
[WhiteElo "2168"]
[BlackElo "2215"]
[Result "0-1"]
[Round "03"]
[TimeControl "180+2"]
[Date "2023.03.21"]
[WhiteClock "0:00:02"]
[BlackClock "0:00:45"]

1. e4 e5 2. Nf3 Nc6 3. Bb5 a6 4. Ba4 d6 5. O-O Bg4 6. Bxc6+ bxc6 7. d4 Bxf3 8. Qxf3 exd4 9. e5 d5 10. Re1 Bb4 11. c3 dxc3 12. e6 Nf6 13. exf7+ Kxf7 14. bxc3 Re8 15. Be3 Bc5 16. Nd2 Bxe3 17. Rxe3 Rxe3 18. Qxe3 Qd6 19. Nf3 Re8 20. Qd3 c5 21. Rb1 Kg8 22. h3 c4 23. Qd4 c5 24. Qh4 h6 25. Rb7 Re4 26. g4 Qf4 27. Kg2 Re2 28. Ra7 Ne4 29. Qd8+ Kh7 30. Rxg7+ Kxg7 31. Qd7+ Qf7 0-1


[Site "https://www.chess.com"]